 Dungeon Crawl Stone Soup version 0.18-a0-1800-gdc7a371 (webtiles) character file.

6494 TheGoonsmith the Covert (level 10, -8/85 HPs)
             Began as a Deep Dwarf Necromancer on Apr 25, 2016.
             Was a Priest of Makhleb.
             Mangled by a six-headed hydra (14 damage)
             ... on level 2 of the Lair of Beasts.
             The game lasted 00:29:15 (13279 turns).

TheGoonsmith the Covert (Deep Dwarf Necromancer)   Turns: 13279, Time: 00:29:16

Health: -8/85      AC:  7    Str: 13    XL:     10   Next: 68%
Magic:  1/26       EV: 15    Int: 18    God:    Makhleb [***...]
Gold:   589        SH:  0    Dex: 17    Spells: 5 memorised, 4 levels left

rFire  . . .     SeeInvis .     h - +2 dagger (distort)
rCold  . . .     Gourm    .     R - +0 leather armour
rNeg   . . .     Faith    .     (no shield)
rPois  .         Spirit   .     (no helmet)
rElec  .         Dismiss  .     g - +2 cloak
rCorr  .         Reflect  .     (no gloves)
SustAt .         Harm     .     O - +0 pair of boots
MR     +....                    (no amulet)
Stlth  ++++......               t - +4 ring of dexterity
                                P - ring of magical power

@: non-regenerating, somewhat resistant to hostile enchantments, stealthy
A: damage resistance, recharge devices, sense surroundings 2, slow regeneration
3
a: Device Recharging, Minor Destruction, Lesser Servant of Makhleb, Renounce
Religion


You were on level 2 of the Lair of Beasts.
You worshipped Makhleb.
Makhleb was most pleased with you.
You were hungry.

You visited 2 branches of the dungeon, and saw 11 of its levels.

You collected 589 gold pieces.

Inventory:

Hand Weapons
 h - a +2 dagger of distortion (weapon)
Armour
 g - a +2 cloak (worn)
 O - a +0 pair of boots (worn)
 R - a +0 leather armour (worn)
Jewellery
 t - a +4 ring of dexterity (right hand)
 D - an uncursed ring of wizardry
 P - a ring of magical power (left hand)
Wands
 a - a wand of random effects (25/48)
 e - a wand of heal wounds (1/9)
 F - a wand of random effects (23/48)
 I - a wand of iceblast (4/15)
 X - a wand of flame (24/48)
Scrolls
 i - a scroll of blinking
 j - 2 scrolls of amnesia
 m - 2 scrolls of magic mapping
 r - 2 scrolls of identify
 y - 4 scrolls of recharging
 A - a scroll of enchant armour
 Y - 2 scrolls of teleportation
Potions
 c - a potion of flight {unknown}
 d - a potion of magic {unknown}
 k - 3 potions of ambrosia
 l - 2 potions of brilliance
 n - 2 potions of agility
 p - 4 potions of heal wounds
 s - a potion of lignification
 u - 3 potions of curing
 v - a potion of cancellation {unknown}
 w - a potion of invisibility {unknown}
 z - a potion of cure mutation {unknown}
 H - a potion of mutation {unknown}
 K - a potion of resistance {unknown}
Comestibles
 b - a royal jelly
 f - 2 slices of pizza
 C - 12 fruits


   Skills:
 - Level 4.0 Fighting
 - Level 4.2 Short Blades
 - Level 4.0 Armour
 - Level 5.0 Dodging
 - Level 9.0 Stealth
 - Level 5.0 Spellcasting
 + Level 5.3 Charms
 + Level 8.2 Necromancy
 + Level 5.3 Ice Magic


You had 4 spell levels left.
You knew the following spells:

 Your Spells              Type           Power        Failure   Level  Hunger
a - Pain                  Necr           ####         1%          1    None
c - Control Undead        Necr           ####......   6%          4    ####...
x - Vampiric Draining     Necr           ####......   1%          3    ##.....
z - Animate Dead          Necr           N/A          6%          4    ####...
A - Ozocubu's Armour      Chrm/Ice       ###.....     6%          3    ##.....


Dungeon Overview and Level Annotations

Branches:
Dungeon (9/15)             Temple (0/1) D:7            Lair (2/8) D:8
    Orc: D:9-12

Altars:
Cheibriados
Dithmenos
Fedhas
Gozag
Makhleb
Nemelex Xobeh
Qazlal
The Shining One

Shops:
D:4 %


Innate Abilities, Weirdness & Mutations

You are resistant to damage.
You can recharge devices by infusing magical energy.
You passively map the area around you.
You do not regenerate naturally.


Message History

The six-headed hydra bites you! The six-headed hydra misses you.
The six-headed hydra barely misses you. The six-headed hydra misses you.
The six-headed hydra bites you but does no damage.
You see here a porcupine corpse.
Found a stone staircase leading up.
Casting: Vampiric Draining
Confirm with . or Enter, or press ? or * to list all spells.
Aiming: Pain
Press: ? - help, Shift-Dir - straight line, f/p - six-headed hydra
Aim: a six-headed hydra (almost dead, chance to defeat MR: 54%)
The six-headed hydra convulses in agony!
The six-headed hydra closely misses you.
The six-headed hydra completely misses you.
The six-headed hydra bites you!
* * * LOW HITPOINT WARNING * * *
The six-headed hydra closely misses you.
The six-headed hydra bites you!
* * * LOW HITPOINT WARNING * * *
The six-headed hydra bites you!
You die...

................... , *
.##..................... ,
,
#.#.....................,,
#.......................
,, ,
#.....................<.,
,
#.......................,
#...#...................
....#.......†...........
..<.#........†.D@.......
,,
........................ ,
#..#.................... *
,
....................[...,
, ,,
........................,
, ,,
........................ ,
........................,
, ,
........$...............
.............. , , , ,


You could see a six-headed hydra.

Vanquished Creatures
  Pikel (D:5)
  Maurice (D:7)
  2 spiny frogs (Lair:1)
  2 komodo dragons (Lair:1)
  2 two-headed ogres (D:8)
  A troll (D:7)
  A basilisk (Lair:1)
  Grum (D:8)
  2 water moccasins
  2 porcupines
  A sky beast (D:8)
  An orc warrior (D:6)
  3 slaves (D:5)
  A black bear (D:7)
  An ice beast (D:8)
  5 wolves
  4 ogres
  A crocodile (Lair:1)
  A centaur (D:6)
  A big kobold (D:7)
  4 giant frogs
  A gnoll sergeant (D:8)
  A killer bee (D:7)
  2 electric eels (D:8)
  2 howler monkeys
  A crimson imp (D:5)
  5 hounds
  An orc priest (D:3)
  A jelly (D:8)
  3 iguanas
  Natasha (thrice) (D:3)
  3 orc wizards
  3 worker ants
  A worker ant zombie (D:8)
  A gnoll (D:6)
  17 river rats
  10 adders
  A shadow imp (D:7)
  An ooze (D:5)
  2 worms (D:2)
  3 dart slugs
  7 giant geckos
  24 orcs
  4 ball pythons
  13 bats
  3 giant cockroaches
  13 goblins
  10 hobgoblins
  13 jackals
  9 kobolds
  5 quokkas
  A giant gecko zombie (D:7)
  8 giant newts
  A quokka skeleton (D:4)
  13 rats
224 creatures vanquished.

Vanquished Creatures (collateral kills)
  A komodo dragon (Lair:1)
  A sky beast (D:8)
  A giant frog (D:8)
3 creatures vanquished.

Vanquished Creatures (others)
  A hungry ghost (D:8)
  A sky beast (D:8)
  A phantom (D:4)
  2 crimson imps
  2 hounds (D:7)
  An adder (D:5)
  A jackal (D:2)
9 creatures vanquished.

Grand Total: 236 creatures vanquished

Notes
Turn   | Place    | Note
--------------------------------------------------------------
     0 | D:1      | TheGoonsmith the Deep Dwarf Necromancer began the quest for the Orb.
     0 | D:1      | Reached XP level 1. HP: 15/15 MP: 3/3
   170 | D:1      | Reached XP level 2. HP: 20/22 MP: 0/5
   517 | D:1      | Reached skill level 5 in Necromancy
   791 | D:1      | Reached XP level 3. HP: 26/28 MP: 3/6
  1145 | D:2      | Learned a level 3 spell: Vampiric Draining
  1581 | D:2      | Reached XP level 4. HP: 29/36 MP: 1/8
  2227 | D:2      | Learned a level 4 spell: Control Undead
  2543 | D:3      | Noticed Natasha
  2549 | D:3      | Killed Natasha
  2549 | D:3      | Reached XP level 5. HP: 28/42 MP: 2/9
  3519 | D:3      | Found a blossoming altar of Fedhas.
  3747 | D:3      | Noticed Natasha
  3753 | D:3      | Killed Natasha
  3753 | D:3      | Reached XP level 6. HP: 38/49 MP: 2/11
  3828 | D:3      | Noticed Natasha
  3834 | D:3      | Killed Natasha
  3905 | D:4      | Learned a level 4 spell: Animate Dead
  3979 | D:4      | Found a snail-covered altar of Cheibriados.
  3981 | D:4      | Found a glowing golden altar of the Shining One.
  3986 | D:4      | Found a burning altar of Makhleb.
  3990 | D:4      | Became a worshipper of Makhleb the Destroyer
  4761 | D:4      | Found Teumep's Food Shoppe.
  4784 | D:5      | Entered Level 5 of the Dungeon
  4932 | D:5      | Found a sparkling altar of Nemelex Xobeh.
  5314 | D:5      | Reached skill level 1 in Fighting
  5314 | D:5      | Reached skill level 1 in Short Blades
  5526 | D:5      | Noticed a slave
  5526 | D:5      | Noticed a slave
  5527 | D:5      | Noticed Pikel
  5527 | D:5      | Noticed a slave
  5527 | D:5      | Noticed a slave
  5559 | D:5      | Killed a slave
  5560 | D:5      | Killed a slave
  5643 | D:5      | Killed a slave
  5855 | D:5      | Reached XP level 7. HP: 55/58 MP: 13/13
  6422 | D:5      | Killed Pikel
  6422 | D:5      | Reached XP level 8. HP: 52/72 MP: 1/14
  6829 | D:6      | Reached skill level 1 in Armour
  7004 | D:6      | Reached * piety under Makhleb
  7533 | D:6      | Found a snail-covered altar of Cheibriados.
  7830 | D:7      | Found a shadowy altar of Dithmenos.
  8400 | D:7      | Reached skill level 3 in Stealth
  8477 | D:7      | Reached skill level 4 in Stealth
  8528 | D:7      | Found a staircase to the Ecumenical Temple.
  8603 | D:7      | Reached skill level 5 in Stealth
  8860 | D:7      | Reached ** piety under Makhleb
  8938 | D:7      | Reached skill level 6 in Stealth
  9323 | D:8      | Noticed a two-headed ogre
  9333 | D:8      | Killed a two-headed ogre
  9333 | D:8      | Reached skill level 7 in Stealth
  9333 | D:8      | Gained mutation: You passively map the area around you. [Deep Dwarf growth]
  9333 | D:8      | Reached XP level 9. HP: 69/78 MP: 3/15
  9535 | D:8      | Reached skill level 8 in Stealth
  9541 | D:8      | Learned a level 3 spell: Ozocubu's Armour
  9670 | D:8      | Reached skill level 9 in Stealth
  9675 | D:8      | Reached skill level 1 in Ice Magic
  9682 | D:8      | Reached skill level 1 in Charms
  9753 | D:8      | Found a staircase to the Lair.
  9756 | D:8      | Noticed a troll
  9756 | D:8      | Noticed Maurice
  9980 | D:7      | Killed a troll
 10558 | D:7      | Killed Maurice
 10558 | D:7      | Reached XP level 10. HP: 41/85 MP: 6/16
 10701 | D:8      | Noticed Grum
 10722 | D:8      | Killed Grum
 10911 | D:8      | Found an opulent altar of Gozag.
 10911 | D:8      | Found a stormy altar of Qazlal.
 11103 | D:8      | Reached *** piety under Makhleb
 11264 | D:8      | Reached skill level 5 in Spellcasting
 11454 | Lair:1   | Entered Level 1 of the Lair of Beasts
 11724 | Lair:1   | Reached skill level 5 in Dodging
 11870 | Lair:1   | Identified a scroll of acquirement
 12206 | Lair:1   | Noticed a spiny frog
 12215 | Lair:1   | Killed a spiny frog
 12503 | Lair:1   | Reached skill level 5 in Charms
 12503 | Lair:1   | Reached skill level 5 in Ice Magic
 12683 | Lair:1   | Noticed a spiny frog
 12691 | Lair:1   | Killed a spiny frog
 13204 | Lair:2   | Noticed a six-headed hydra
 13279 | Lair:2   | Mangled by a six-headed hydra

Vault maps used:
D:1:      dpeg_arrival_simpleton_c
D:2:      first_bread
D:3:      fedhas_altar_2, hangedman_abyss_or_decor_stabs, uniq_natasha
D:4:      minitemple, serial_shops, nicolae_shop_crystal
D:5:      kennysheep_little_box, uniq_pikel
D:6:      cheibriados_altar_wand_db
D:7:      kennysheep_six_static_rooms, temple_green,
          nicolae_dithmenos_shadow_blocks
D:8:      gammafunk_temple_overflow_pools, erik_lair_island, uniq_grum,
          uniq_maurice
D:9:      nicolae_overflow_hidden_temple
Lair:1:   grunt_megastairs_3, lemuel_fruit_tree
Lair:2:   grunt_megastairs_4

Skill      XL: |  1  2  3  4  5  6  7  8  9 10 |
---------------+-------------------------------+-----
Spellcasting   | 2 3 4 5 |  5.0
Necromancy     | 5 6 7 8 |  8.2
Fighting       | 1 3 4 |  4.0
Short Blades   | 1 4 |  4.2
Armour         | 4 |  4.0
Dodging        | 4 5 |  5.0
Stealth        | 7 9 |  9.0
Ice Magic      | 4 5 |  5.3
Charms         | 4 5 |  5.3

Action                   |  1- 3 |  4- 6 |  7- 9 | 10-12 || total
-------------------------+-------+-------+-------+-------++-------
Melee: Club              |     7 |       |       |       ||     7
       Dagger            |    11 |    92 |   116 |    76 ||   295
 Cast: Pain              |    63 |    88 |    78 |    55 ||   284
       Vampiric Draining |     1 |    34 |    74 |    70 ||   179
       Animate Dead      |       |       |     1 |     7 ||     8
       Ozocubu's Armour  |       |       |       |    11 ||    11
Evoke: Wand              |       |       |     2 |     6 ||     8
  Use: Scroll            |       |       |    14 |     6 ||    20
       Potion            |       |       |     1 |     1 ||     2
 Stab: Sleeping          |       |     2 |     3 |     1 ||     6
  Eat: Chunk             |     2 |    17 |    12 |     5 ||    36
       Bread ration      |       |       |     2 |     1 ||     3
       Meat ration       |       |       |       |     1 ||     1
Armor: Robe              |     2 |     7 |       |       ||     9
       Ring mail         |       |    18 |    31 |       ||    49
       Leather armour    |       |       |    32 |    47 ||    79
Dodge: Dodged            |    19 |    61 |   132 |   107 ||   319
